 Dungeon Crawl Stone Soup version 0.21-a0-509-gecc5317 (webtiles) character file.

72513 kae the Brawler (level 15, -2/153 HPs)
             Began as a Troll Monk on Nov 29, 2017.
             Was the Champion of Wu Jian.
             Slain by a profane servitor
             ... wielding a +2 whip of electrocution
              (3 damage)
             ... on level 2 of the Abyss.
             The game lasted 00:38:36 (18400 turns).

kae the Brawler (Troll Monk)                       Turns: 18400, Time: 00:38:37

Health: -2/153     AC: 17    Str: 18 (20) XL:     15   Next: 1%
Magic:  15/15      EV: 14    Int:  7 (8)  God:    Wu Jian [******]
Gold:   2324       SH:  5    Dex: 20      Spells: 14/14 levels left

rFire    + + .     SeeInvis .     - Unarmed
rCold    x . .     Gourm    +   (no shield)
rNeg     . . .     Faith    .   F - +1 fire dragon scales
rPois    +         Spirit   .   L - +1 hat {MR+}
rElec    .         Reflect  +   q - +1 cloak
rCorr    +         Harm     .   (gloves unavailable)
MR       ++...                  (boots unavailable)
Stlth    ..........             o - +5 amulet of reflection
HPRegen  0.75/turn              r - ring of resist corrosion
MPRegen  0.14/turn              m - ring of Obiuh {rPois Str-3 Int+2 Dex+3}

@: wreathed by umbra, drained, very slow
A: large, unfitting armour, claws 3, fast metabolism 3, gourmand, regeneration
1, shaggy fur 1, tough skin 2
a: Serpent's Lash, Heavenly Storm, Renounce Religion


You were on level 2 of the Abyss.
You worshipped Wu Jian.
Wu Jian was exalted by your worship.
You were very full.

You visited 4 branches of the dungeon, and saw 21 of its levels.
You visited the Abyss 1 time.
You also visited: Bailey.

You collected 2452 gold pieces.
You spent 128 gold pieces at shops.

Inventory:

Armour
 q - a +1 cloak (worn)
 F - +1 fire dragon scales (worn)
 L - a +1 hat of magic resistance (worn)
Jewellery
 m - the ring of Obiuh (right claw) {rPois Str-3 Int+2 Dex+3}
   (You found it in a bailey)

   [ring of poison resistance]

   It affects your strength (-3).
   It affects your intelligence (+2).
   It affects your dexterity (+3).
   It protects you from poison.
 o - a +5 amulet of reflection (around neck)
 r - a ring of resist corrosion (left claw)
Wands
 h - a wand of random effects (76)
 i - a wand of polymorph (4)
 y - a wand of digging (34)
 I - a wand of acid (14)
 J - a wand of disintegration (12)
 K - a wand of flame (26)
Scrolls
 k - 7 scrolls of remove curse
 s - a scroll of silence {unknown}
 u - a scroll of acquirement {unknown}
 w - 2 scrolls of fear
 x - 3 scrolls of blinking
 z - 5 scrolls of holy word
 C - 10 scrolls of teleportation
 H - a scroll of fog
 M - 4 scrolls of identify
Potions
 d - 6 potions of curing
 e - 5 potions of brilliance
 g - 2 potions of lignification
 j - 3 potions of might
 l - 3 potions of haste
 p - 3 potions of heal wounds
 t - 3 potions of flight
 v - a potion of cancellation {unknown}
 A - a potion of resistance
 D - a potion of agility
 E - 2 potions of degeneration
 G - a potion of mutation
 O - a potion of magic
Comestibles
 b - 8 bread rations
 c - 11 royal jellies
 f - 15 meat rations
 n - 31 fruits


   Skills:
 + Level 11.0(10.4) Fighting
 + Level 7.8(7.3) Armour
 + Level 11.0(10.4) Dodging
 - Level 1.0(0.5) Stealth
 * Level 17.0(16.4) Unarmed Combat
 + Level 2.2(1.8) Evocations


You had 14 spell levels left.
You didn't know any spells.

Dungeon Overview and Level Annotations

Branches:
Dungeon (12/15)            Temple (1/1) D:5            Lair (6/6) D:11
  Swamp (0/4) Lair:2       Spider (0/4) Lair:2        Slime (0/5) Lair:5
    Orc (2/2) D:10            Elf (0/3) Orc:2

Altars:
Ashenzari
Cheibriados
Dithmenos
Elyvilon
Fedhas
Gozag
Hepliaklqana
Kikubaaqudgha
Makhleb
Nemelex Xobeh
Okawaru
Qazlal
Ru
Sif Muna
Trog
Uskayaw
Vehumet
Wu Jian
Xom
Yredelemnul
Zin
The Shining One

Shops:
Orc:1 *   Orc:2 :

Annotations:
D:8 exclusion: two-headed ogre, kae's ghost, novice TrMo
Lair:3 exclusion: oklob plant
Orc:2 Nessos; Sonja


Innate Abilities, Weirdness & Mutations

You are too large for most types of armour.
You have claws for hands.
Your metabolism is lightning-fast.
You like to eat raw meat.
Your natural rate of healing is unusually fast.
You are covered in fur. (AC +1)
You have very tough skin. (AC +2)


Message History

You miss the profane servitor.
The profane servitor is heavily damaged.
The profane servitor hits you with a whip of electrocution!
The profane servitor draws strength from your injuries!
You block the profane servitor's attack. x2
The profane servitor hits you but does no damage.
You are electrocuted!
The profane servitor hits you with a whip of electrocution!
* * * LOW HITPOINT WARNING * * *
The profane servitor draws strength from your injuries!
The profane servitor hits you with a whip of electrocution.
* * * LOW HITPOINT WARNING * * *
You feel drained.
The profane servitor hits you with a whip of electrocution!!
* * * LOW HITPOINT WARNING * * *
The profane servitor draws strength from your injuries!
You are electrocuted!
* * * LOW HITPOINT WARNING * * *
The profane servitor hits you with a whip of electrocution.
You die...

# # #.### ..
##.## #≈ #.#.#.#
#≈####...##
..#.≈≈. ..#
..≈≈#≈###.#
#.##≈≈≈≈§§###
#.≈≈##§@A.#
#♣≈#.≈#§##...≈≈..
#.# ♣#. .≈.##..
#. #.. #.#.## # #
. ##.. ###


You could see a profane servitor.

Vanquished Creatures
  A tentacled starspawn (Abyss:2)
  Gastronok (Lair:3)
  Kirke (Lair:3)
  Josephine (Orc:2)
  7 hydras
  4 catoblepae
  4 two-headed ogres
  11 death yaks
  The ghost of nikopol the Thaumaturge, a journeyman DEFE of Sif Muna (D:11)
  A thrashing horror (Abyss:2)
  Nergalle (Lair:3)
  The ghost of Goblin1989 the Fighter, a novice DsAs of Wu Jian (D:9)
  A wretched star (Abyss:2)
  2 unseen horrors
  An orc knight (Bailey)
  A lindwurm (Lair:5)
  2 ugly things
  An orc sorcerer (Orc:2)
  4 manticores
  2 centaur zombies
  A smoke demon (Abyss:2)
  3 black mambas
  20 elephants
  Maurice (D:9)
  7 gargoyles
  8 spiny frogs
  A demonic crawler (Lair:2)
  9 komodo dragons
  3 centaur skeletons
  An ancient zyme (Abyss:2)
  A troll (D:11)
  Prince Ribbit (D:7)
  6 hippogriffs
  7 dream sheep
  12 blink frogs
  5 wraiths
  2 wyverns
  38 yaks
  Sigmund (D:2)
  5 hogs
  A neqoxec (Abyss:2)
  4 basilisks
  2 hungry ghosts
  A chaos spawn (Abyss:2)
  5 vampire mosquitoes (Lair:2)
  2 large abominations (Abyss:2)
  4 wargs
  A soldier ant (D:11)
  20 water moccasins
  13 orc warriors
  11 porcupines
  2 sky beasts
  3 ice beasts
  2 phantoms
  2 small abominations (Abyss:2)
  The ghost of Wendigo the Ruffian, an amateur DrTm (D:3)
  2 eyes of draining
  12 wolves
  4 ogres
  A centaur (D:10)
  14 crocodiles
  3 big kobolds (D:9)
  13 bullfrogs
  Blork the orc (D:6)
  A wyvern skeleton (D:12)
  5 scorpions
  4 killer bees (D:3)
  2 electric eels
  2 howler monkeys (D:11)
  A bullfrog zombie (D:10)
  3 crimson imps
  3 hounds
  9 jellies
  2 bullfrog skeletons
  7 orc priests
  15 orc wizards
  Crazy Yiuf (D:4)
  3 iguanas
  7 hell rats (Lair:2)
  13 worker ants
  A hound skeleton (D:4)
  18 adders
  14 river rats (Lair:2)
  2 white imps (Abyss:2)
  An ufetubus (Abyss:2)
  4 oozes
  An adder zombie (D:9)
  2 adder skeletons
  4 worms
  A dart slug (D:4)
  6 leopard geckos
  57 orcs
  9 giant cockroaches
  9 goblins
  7 hobgoblins
  10 jackals
  19 kobolds
  13 quokkas
  A ball python (D:1)
  7 bats
  5 frilled lizards
  A leopard gecko skeleton (D:9)
  15 rats
  3 fungi (D:6)
592 creatures vanquished.

Vanquished Creatures (others)
  An orc (D:11)
  5 kobolds (Bailey)
  7 fungi
  6 plants
  4 starspawn tentacles (Abyss:2)
23 creatures vanquished.

Grand Total: 615 creatures vanquished

Notes
Turn   | Place    | Note
-------+----------+-------------------------------------------
     0 | D:1      | kae the Troll Monk began the quest for the Orb.
     0 | D:1      | Reached XP level 1. HP: 22/22 MP: 0/0
   202 | D:1      | Reached XP level 2. HP: 29/29 MP: 1/1
   623 | D:1      | Found a shadowy altar of Dithmenos.
   750 | D:2      | Reached XP level 3. HP: 32/36 MP: 2/2
   855 | D:2      | Found an opulent altar of Gozag.
   877 | D:2      | Reached skill level 4 in Unarmed Combat
   900 | D:2      | Reached XP level 4. HP: 42/44 MP: 3/3
  1029 | D:2      | Noticed Sigmund
  1049 | D:2      | HP: 2/45 [something (2)]
  1257 | D:2      | Killed Sigmund
  1257 | D:2      | Reached skill level 5 in Unarmed Combat
  1257 | D:2      | Reached XP level 5. HP: 44/53 MP: 4/4
  1789 | D:3      | Reached XP level 6. HP: 52/61 MP: 5/5
  2061 | D:3      | Found an opulent altar of Gozag.
  2277 | D:3      | Noticed Wendigo's ghost (amateur DrTm)
  2424 | D:3      | Killed Wendigo's ghost
  2424 | D:3      | Reached skill level 6 in Unarmed Combat
  2424 | D:3      | Reached XP level 7. HP: 58/70 MP: 6/6
  3298 | D:4      | Found a runed door.
  3429 | D:4      | Noticed Crazy Yiuf
  3435 | D:4      | Killed Crazy Yiuf
  3435 | D:4      | Reached skill level 7 in Unarmed Combat
  3496 | D:5      | Entered Level 5 of the Dungeon
  3711 | D:5      | Found a staircase to the Ecumenical Temple.
  3723 | Temple   | Entered the Ecumenical Temple
  3770 | Temple   | Became a worshipper of the Wu Jian Council
  3770 | Temple   | Reached * piety under Wu Jian
  3770 | Temple   | Reached ** piety under Wu Jian
  3889 | D:5      | Reached XP level 8. HP: 66/79 MP: 7/7
  4020 | D:5      | Found a sacrificial altar of Ru.
  4328 | D:6      | Found a sparkling altar of Nemelex Xobeh.
  4381 | D:6      | Noticed Blork the orc
  4385 | D:6      | Killed Blork the orc
  4409 | D:6      | Reached skill level 5 in Dodging
  4416 | D:6      | Reached skill level 5 in Fighting
  4416 | D:6      | Reached skill level 8 in Unarmed Combat
  4967 | D:7      | Noticed Prince Ribbit
  4974 | D:7      | Killed Prince Ribbit
  5312 | D:8      | Noticed kae's ghost (novice TrMo)
  5624 | D:8      | Noticed a two-headed ogre
  5661 | D:8      | Reached XP level 9. HP: 74/88 MP: 8/8
  5679 | D:8      | Reached skill level 9 in Unarmed Combat
  6074 | D:9      | Noticed a three-headed hydra
  6080 | D:9      | Killed a three-headed hydra
  6080 | D:9      | Reached skill level 10 in Unarmed Combat
  6110 | D:9      | Noticed Maurice
  6254 | D:9      | Reached *** piety under Wu Jian
  6312 | D:9      | Noticed a two-headed ogre
  6321 | D:9      | Killed a two-headed ogre
  6321 | D:9      | Reached XP level 10. HP: 100/100 MP: 9/9
  6420 | D:9      | Killed Maurice
  6420 | D:9      | Reached skill level 11 in Unarmed Combat
  6475 | D:9      | Noticed Goblin1989's ghost (novice DsAs)
  6476 | D:9      | Found an iron altar of Okawaru.
  6491 | D:9      | Killed Goblin1989's ghost
  6622 | D:9      | Noticed a gargoyle
  6629 | D:9      | Killed a gargoyle
  6664 | D:9      | Noticed a gargoyle
  6671 | D:9      | Killed a gargoyle
  6792 | D:9      | Noticed a gargoyle
  6803 | D:9      | Killed a gargoyle
  6805 | D:9      | Noticed a gargoyle
  6810 | D:9      | Killed a gargoyle
  6867 | D:9      | Noticed a gargoyle
  6870 | D:9      | Killed a gargoyle
  6979 | D:10     | Entered Level 10 of the Dungeon
  6990 | D:10     | Reached skill level 12 in Unarmed Combat
  7022 | D:10     | Found a flagged portal.
  7032 | Bailey   | Entered a bailey
  7077 | Bailey   | Noticed an orc knight
  7271 | Bailey   | Reached **** piety under Wu Jian
  7524 | Bailey   | Killed an orc knight
  7524 | Bailey   | Reached XP level 11. HP: 90/109 MP: 10/10
  7561 | Bailey   | Got a translucent marble ring
  7608 | D:10     | Identified the ring of Obiuh {rPois Str-3 Int+2 Dex+3} (You found it in a bailey)
  7614 | D:10     | Noticed a two-headed ogre
  7623 | D:10     | Killed a two-headed ogre
  7819 | D:10     | Found a staircase to the Orcish Mines.
  8294 | D:11     | Reached skill level 1 in Armour
  8316 | D:11     | Noticed a red ugly thing
  8580 | D:11     | Noticed a two-headed ogre
  8585 | D:11     | Killed a two-headed ogre
  8585 | D:11     | Reached skill level 13 in Unarmed Combat
  8748 | D:11     | Found a staircase to the Lair.
  9013 | D:11     | Noticed nikopol's ghost (journeyman DEFE)
  9031 | D:11     | Killed nikopol's ghost
  9097 | D:11     | Killed a red ugly thing
  9144 | Lair:1   | Entered Level 1 of the Lair of Beasts
  9481 | Lair:1   | Reached XP level 12. HP: 80/122 MP: 11/11
  9727 | Lair:1   | Reached ***** piety under Wu Jian
 10314 | Lair:2   | Found a hole to the Spider Nest.
 10359 | Lair:2   | Found a staircase to the Swamp.
 10660 | Lair:2   | Noticed a four-headed hydra
 10671 | Lair:2   | Killed a seven-headed hydra
 10671 | Lair:2   | Reached skill level 14 in Unarmed Combat
 11937 | Lair:3   | Noticed a death yak
 11937 | Lair:3   | Noticed a death yak
 11937 | Lair:3   | Noticed a death yak
 11937 | Lair:3   | Noticed a death yak
 11938 | Lair:3   | Noticed a death yak
 11972 | Lair:3   | Killed a death yak
 11972 | Lair:3   | Killed a death yak
 12002 | Lair:3   | Killed a death yak
 12002 | Lair:3   | Killed a death yak
 12004 | Lair:3   | Killed a death yak
 12156 | Lair:3   | Noticed Gastronok
 12171 | Lair:3   | Killed Gastronok
 12279 | Lair:3   | Noticed Nergalle
 12285 | Lair:3   | Killed Nergalle
 12285 | Lair:3   | Reached skill level 5 in Armour
 12347 | Lair:3   | Noticed a catoblepas
 12359 | Lair:3   | Killed a catoblepas
 12359 | Lair:3   | Reached XP level 13. HP: 101/131 MP: 12/12
 12518 | Lair:4   | Noticed Kirke
 12883 | Lair:3   | Killed Kirke
 12883 | Lair:3   | Reached skill level 15 in Unarmed Combat
 13894 | Lair:5   | Found a staircase to the Slime Pits.
 14295 | Lair:5   | Reached skill level 10 in Dodging
 14400 | Lair:5   | Reached skill level 10 in Fighting
 14734 | Lair:6   | Entered Level 6 of the Lair of Beasts
 15042 | Lair:6   | Reached ****** piety under Wu Jian
 15091 | Lair:6   | Reached XP level 14. HP: 109/143 MP: 13/13
 15144 | Lair:6   | Reached skill level 16 in Unarmed Combat
 16848 | D:12     | Reached skill level 1 in Evocations
 17314 | Orc:1    | Entered Level 1 of the Orcish Mines
 17449 | Orc:2    | Entered Level 2 of the Orcish Mines
 17473 | Orc:2    | Noticed Josephine
 17493 | Orc:2    | Killed Josephine
 17709 | Orc:1    | Found Sinegaj's Assorted Antiques.
 17767 | Orc:1    | Bought a scroll labeled TAGYUJ LACI for 32 gold pieces
 17767 | Orc:1    | Bought a scroll labeled ERGHET UMOSEZ for 32 gold pieces
 17767 | Orc:1    | Bought a scroll of identify for 64 gold pieces
 17893 | Orc:2    | Found a staircase to the Elven Halls.
 18056 | Orc:2    | Noticed Nessos
 18056 | Orc:2    | Noticed Sonja
 18057 | Orc:2    | Found Dirin's Book Shop.
 18059 | Orc:2    | Cast into level 2 of the Abyss (Sonja)
 18059 | Abyss:2  | Found a corrupted altar of Lugonu.
 18164 | Abyss:2  | Noticed a tentacled starspawn
 18196 | Abyss:2  | Killed a tentacled starspawn
 18196 | Abyss:2  | Reached skill level 17 in Unarmed Combat
 18207 | Abyss:2  | Noticed an angel
 18208 | Abyss:2  | Noticed a purple very ugly thing
 18229 | Abyss:2  | HP: 1/146 [sixfirhy (9)]
 18236 | Abyss:2  | HP: 5/146 [barbs]
 18263 | Abyss:2  | Reached XP level 15. HP: 16/153 MP: 13/15
 18393 | Abyss:2  | Noticed a profane servitor
 18400 | Abyss:2  | HP: 1/153 [profane servitor/whip of electrocution (19)]
 18400 | Abyss:2  | Slain by a profane servitor

Vault maps used:
D:1:      sevenhm_arrival_forest_fort_small_6, lemuel_another_geyser
D:2:      lemuel_doored_altar, first_bread, minmay_pentomino_u4, uniq_sigmund
D:3:      grunt_gozag_breadcrumbs
D:4:      eino_curves_02, minmay_unequal, uniq_crazy_yiuf_cottage
D:5:      lemuel_temple_firewalk_a, nicolae_ru_the_path_less_chosen
D:6:      basic_altar, minmay_gold_behind_fungi, uniq_blork_the_orc
D:7:      uniq_prince_ribbit1
D:9:      cheibrodos_statue_roulette, hangedman_ranch, okawaru_gym_becter,
          uniq_maurice
D:10:     orc_0_dummy, enter_bailey_1
D:11:     grunt_lair_entry_orc_guard_hut
D:12:     grunt_ministairs_5
Temple:   nicolae_temple_the_god_donut
Lair:1:   serial_bayou_ford_a, grunt_megastairs_4
Lair:2:   lemuel_ratsnest, minmay_swamp_entry_swarm,
          nicolae_spider_entry_non_spiders
Lair:3:   lemuel_fruit_tree, minmay_lair_oklob_chamber, uniq_nergalle,
          uniq_gastronok
Lair:4:   grunt_megastairs_3, uniq_kirke
Lair:5:   nicolae_slime_entry_slimehenge, minivault_19
Lair:6:   evilmike_catoblepas_cave
Orc:1:    serial_shops, shop
Orc:2:    grunt_orc_tribal_feast, serial_shops, shop, mines5_lemuel,
          uniq_josephine, uniq_nessos, uniq_sonja
Abyss:2:  serial_sigils_hangedman_gut, minivault_28, kilobyte_mutagenic_chamber
Bailey:   bailey_axe_1, bailey

Skill      XL: |  1  2  3  4  5  6  7  8  9 10 11 12 13 14 |
---------------+-------------------------------------------+-----
Unarmed Combat | 4 5 6 7 8 10 12 13 14 15 17 | 17.0
Dodging        | 3 4 5 6 7 8 9 10 11 | 11.0
Fighting       | 3 4 5 6 7 8 9 10 11 | 11.0
Armour         | 3 5 6 7 |  7.8
Evocations     | 2 |  2.2
Stealth        | |  1.0

Action                   |  1- 3 |  4- 6 |  7- 9 | 10-12 | 13-15 || total
-------------------------+-------+-------+-------+-------+-------++-------
Melee: Unarmed           |    80 |    99 |   361 |   658 |   959 ||  2157
       Punch             |     1 |     6 |    17 |    48 |    72 ||   144
Invok: Serpent's Lash    |       |       |     1 |     3 |     4 ||     8
Evoke: Wand              |       |       |     3 |     9 |    25 ||    37
  Use: Scroll            |     2 |     8 |     4 |     8 |    11 ||    33
       Potion            |       |     3 |     1 |       |     4 ||     8
 Stab: Sleeping          |     2 |     1 |     7 |     4 |       ||    14
       Distracted        |       |       |     2 |       |       ||     2
  Eat: Chunk             |    14 |    10 |    30 |    52 |    59 ||   165
       Fruit             |       |       |     2 |       |       ||     2
       Royal jelly       |       |       |     1 |       |       ||     1
       Bread ration      |       |       |       |     2 |       ||     2
Armor: Robe              |    32 |    19 |    49 |    24 |       ||   124
       Fire dragon scale |       |       |       |   135 |   314 ||   449
Dodge: Dodged            |    39 |    46 |   119 |   268 |   361 ||   833
Block: Other             |       |       |    38 |   106 |   142 ||   286
       Reflection        |       |       |       |    22 |     4 ||    26

Table legend:
 A = Spawn XP
 B = Non-spawn XP
 C = Spawn XP percentage of total XP
 D = Spawn monster count
 E = Non-spawn monster count
 F = Spawn count percentage of total count
 G = Total turns spent on level
                    A         B        C        D         E        F      G
               +---------+---------+-------+---------+---------+-------+---------
         Total |    4790 |   98801 |   4.6 |      17 |     578 |   2.9 | 18400
               +---------+---------+-------+---------+---------+-------+---------
           D:1 |       0 |      35 |   0.0 |       0 |      13 |   0.0 |   797
           D:2 |       0 |     326 |   0.0 |       0 |      28 |   0.0 |   827
           D:3 |       0 |     558 |   0.0 |       0 |      23 |   0.0 |  1102
           D:4 |       0 |     406 |   0.0 |       0 |      26 |   0.0 |   770
           D:5 |       0 |     110 |   0.0 |       0 |       7 |   0.0 |   568
           D:6 |       0 |     627 |   0.0 |       0 |      28 |   0.0 |   632
           D:7 |       0 |     420 |   0.0 |       0 |       6 |   0.0 |   666
           D:8 |       0 |     497 |   0.0 |       0 |      11 |   0.0 |   448
           D:9 |       0 |    6815 |   0.0 |       0 |      32 |   0.0 |  1115
          D:10 |       0 |    2661 |   0.0 |       0 |      14 |   0.0 |   812
          D:11 |       0 |    5984 |   0.0 |       0 |      37 |   0.0 |   896
          D:12 |       0 |    6935 |   0.0 |       0 |      35 |   0.0 |   753
        Lair:1 |       0 |    3391 |   0.0 |       0 |      19 |   0.0 |  1063
        Lair:2 |       0 |    6796 |   0.0 |       0 |      71 |   0.0 |  1280
        Lair:3 |       0 |   12375 |   0.0 |       0 |      21 |   0.0 |  1542
        Lair:4 |       0 |    6367 |   0.0 |       0 |      25 |   0.0 |   943
        Lair:5 |       0 |    8022 |   0.0 |       0 |      31 |   0.0 |   968
        Lair:6 |       0 |   26868 |   0.0 |       0 |      65 |   0.0 |  1504
         Orc:1 |       0 |    1076 |   0.0 |       0 |      19 |   0.0 |   279
         Orc:2 |       0 |    4450 |   0.0 |       0 |      32 |   0.0 |   466
       Abyss:2 |    4790 |    2889 |  62.4 |      17 |       3 |  85.0 |   341
        Bailey |       0 |    1193 |   0.0 |       0 |      32 |   0.0 |   574
               +---------+---------+-------+---------+---------+-------+---------
